 Dungeon Crawl Stone Soup version 0.31.0-10-gcf4a605ca0 (webtiles) character file.

Game seed: 15475778822907023188

657 jestert79 the Ruffian (level 7, 0/50 HPs)
             Began as a Merfolk Shapeshifter on Jan 25, 2024.
             Was an Initiate of Kikubaaqudgha.
             Slain by an ufetubus (3 damage)
             ... on level 5 of the Dungeon.
             The game lasted 00:08:43 (4149 turns).

jestert79 the Ruffian (Merfolk Shapeshifter)        Turns: 4149, Time: 00:08:44

Health: 0/50       AC:  2    Str: 15    XL:     7   Next: 55%
Magic:  7/7        EV: 13    Int: 11    God:    Kikubaaqudgha [......]
Gold:   31         SH:  0    Dex: 13    Spells: 6/6 levels left

rFire   . .          .
                       - Unarmed
rCold   . . .        (no shield)
rNeg    . . .        a - +0 animal skin
rPois   .            (helmet currently unavailable)
rElec   .            (cloak currently unavailable)
rCorr   .            (gloves currently unavailable)
SInv    .            (boots currently unavailable)
Will    .....        (no amulet)
Stlth   +            (no ring)
HPRegen 0.28/turn    (no ring)
MPRegen 0.10/turn

%: no passive effects
@: beast-form
A: beast (slay +3), (nimble swimmer 2), mertail
a: Begin Untransformation, Renounce Religion


You were on level 5 of the Dungeon.
You worshipped Kikubaaqudgha.
Kikubaaqudgha was noncommittal.
You were a hulking beast.
You visited 1 branch of the dungeon, and saw 5 of its levels.

You collected 196 gold pieces.
You spent 165 gold pieces at shops.

Inventory:

Missiles
 j - a boomerang (quivered)
 u - 4 atropa-tipped darts
Armour
 a - a +0 animal skin (worn)
 w - a +1 pair of gloves
Talismans
 c - a beast talisman
 d - a flux talisman
 l - a maw talisman
Scrolls
 f - 2 scrolls of vulnerability {unknown}
 g - a scroll of noise {unknown}
 h - a scroll of teleportation {unknown}
 i - 3 scrolls of torment {unknown}
 k - 2 scrolls of identify {unknown}
 m - a scroll of brand weapon {unknown}
 p - a scroll of revelation {unknown}
 q - a scroll of amnesia {unknown}
Potions
 b - 2 potions of lignification
 e - 3 potions of curing
 n - a potion of berserk rage {unknown}
 o - 2 potions of enlightenment {unknown}
 r - a potion of ambrosia {unknown}
 s - a potion of mutation {unknown}
 t - a potion of brilliance {unknown}
 v - a potion of cancellation {unknown}


   Skills:
 + Level 2.0 Fighting
 + Level 3.4 Dodging
 * Level 7.4 Unarmed Combat
 + Level 6.7 Shapeshifting


You had 6 spell levels left.
You didn't know any spells.
Your spell library contained the following spells:

 Spells                   Type           Power      Damage    Failure   Level
 Apportation              Tloc           0%         N/A       34%         1
 Freeze                   Ice            0%         1d3       34%         1
 Cigotuvi's Dreadful Rot  Necr/Alch/Air  0%         N/A       47%         2
 Jinxbite                 Hex            0%         N/A       47%         2
 Mercury Vapours          Alch/Air       0%         N/A       47%         2
 Frozen Ramparts          Ice            0%         1d1       71%         3
 Hailstorm                Conj/Ice       0%         3d5       71%         3
 Mephitic Cloud           Conj/Alch/Air  0%         N/A       71%         3
 Dispel Undead            Necr           0%         3d6       98%         4
 Martyr's Knell           Necr/Summ      0%         N/A       98%         4
 Petrify                  Alch/Erth      0%         N/A       98%         4
 Sticky Flame             Fire/Alch      0%         2d4       98%         4
 Summon Blazeheart Golem  Fire/Summ      0%         N/A       98%         4
 Alistair's Intoxication  Alch           0%         N/A       100%        5
 Freezing Cloud           Conj/Ice/Air   0%         6-21      100%        5
 Death Channel            Necr           0%         N/A       100%        6
 Summon Horrible Things   Summ           0%         N/A       100%        8


Dungeon Overview and Level Annotations

Branches:
Dungeon (5/15)
 Temple: D:4-7

Altars:
Ashenzari
Cheibriados
Elyvilon
Kikubaaqudgha

Shops:
D:3 :   D:5 *[


Innate Abilities, Weirdness & Mutations

You are a hulking beast.
Your limbs bulge with bestial killing power. (Slay +3)
((You are very nimble when in or above water. (Stealth+, EV+, Speed+++)))
Your lower body shifts to a powerful aquatic tail in water.


Message History

You are no longer poisoned.
The ufetubus hits you. x2
Unknown command.
The ufetubus barely misses you. x2; The ufetubus attacks as it pursues you!
The ufetubus barely misses you. The ufetubus closely misses you.
The ufetubus slips past you! The ufetubus hits you. x2
You barely miss the ufetubus.
The ufetubus is moderately wounded.
The ufetubus misses you. The ufetubus completely misses you.
The ufetubus hits you. The ufetubus misses you.
The ufetubus closely misses you. The ufetubus hits you.
* * * LOW HITPOINT WARNING * * *
You closely miss the ufetubus.
The ufetubus is moderately wounded.
The ufetubus hits you but does no damage.
The ufetubus misses you. x2; The ufetubus hits you.
* * * LOW HITPOINT WARNING * * *
You are too injured to fight recklessly!
You closely miss the ufetubus.
The ufetubus is moderately wounded.
The ufetubus barely misses you. The ufetubus hits you.
* * * LOW HITPOINT WARNING * * *
The ufetubus misses you. The ufetubus hits you.
* * * LOW HITPOINT WARNING * * *
Unknown command.
It was a potion of curing.
You feel better. The ufetubus hits you.
* * * LOW HITPOINT WARNING * * *
The ufetubus misses you. The ufetubus slips past you!
The ufetubus barely misses you. The ufetubus hits you.
* * * LOW HITPOINT WARNING * * *
The ufetubus hits you.
* * * LOW HITPOINT WARNING * * *
The ufetubus barely misses you.
You feel better. The ufetubus barely misses you. The ufetubus hits you.
* * * LOW HITPOINT WARNING * * *
The ufetubus hits you.
* * * LOW HITPOINT WARNING * * *
The ufetubus hits you.
You die...
Kikubaaqudgha rasps: "You have failed me!
Welcome... death!"

. #..# .. #..# ..# #..#
... ######..## ...
....#...##
...#########......#
...............#########
###...##..#####.........
#....####....##.h....$..
..#...# ####..#.55......
# ###.## ##...........
#..# ###..)......
#..########.........
##..#................
####.....######.........
.....#....#####...!.....
#######.#.....#########


You could see 2 ufetubi.

Vanquished Creatures
  3 phantoms (D:5)
  A bullfrog (D:4)
  A scorpion (D:5)
  A bombardier beetle (D:5)
  2 hounds (D:4)
  3 iguanas (D:4)
  7 adders
  A shadow imp (D:5)
  3 dart slugs
  A ribbon worm (D:2)
  7 endoplasms
  A giant cockroach (D:2)
  5 goblins
  7 hobgoblins
  5 jackals
  8 kobolds
  2 quokkas
  9 ball pythons
  7 bats
  3 frilled lizards
  4 rats
81 creatures vanquished.

Notes
Turn   | Place    | Note
-------+----------+-------------------------------------------
     0 | D:1      | jestert79 the Merfolk Shapeshifter began the quest for the
                  | Orb.
     0 | D:1      | Reached XP level 1. HP: 15/15 MP: 1/1
   258 | D:1      | Reached XP level 2. HP: 21/21 MP: 2/2
   550 | D:1      | Reached XP level 3. HP: 5/26 MP: 3/3
   707 | D:1      | Reached skill level 4 in Unarmed Combat
  1288 | D:2      | Got Geq Gaik's Compendium of Familiar Toxicants
  1377 | D:2      | Reached skill level 5 in Shapeshifting
  1377 | D:2      | Reached XP level 4. HP: 28/32 MP: 4/4
  1714 | D:3      | Identified the +1 hand axe of Ulonkeer {spect, ^Drain rPois
                  | rN+ Int+6}
  1751 | D:3      | Found a snail-covered altar of Cheibriados.
  2188 | D:3      | Found a faded altar of an unknown god.
  2241 | D:3      | Found Belitel's Book Boutique.
  2357 | D:3      | Found an ancient bone altar of Kikubaaqudgha.
  2512 | D:3      | Became a worshipper of Kikubaaqudgha
  2739 | D:4      | Reached skill level 5 in Unarmed Combat
  2784 | D:4      | Reached XP level 5. HP: 27/37 MP: 5/5
  3133 | D:4      | Reached skill level 6 in Unarmed Combat
  3133 | D:4      | Reached XP level 6. HP: 39/43 MP: 6/6
  3278 | D:4      | Found a white marble altar of Elyvilon.
  3288 | D:4      | Found a broken altar of Ashenzari.
  3508 | D:5      | Entered Level 5 of the Dungeon
  3508 | D:5      | Noticed a yak
  3508 | D:5      | Noticed a yak
  3508 | D:5      | Found Inosihis's Assorted Antiques.
  3687 | D:5      | Noticed a yak
  3775 | D:5      | Reached skill level 7 in Unarmed Combat
  3775 | D:5      | Reached XP level 7. HP: 40/48 MP: 7/7
  3934 | D:5      | Found Tumoom's Antique Armour Shop.
  3941 | D:5      | Bought a pair of runed gloves for 165 gold pieces
  4006 | D:5      | Noticed a yak
  4148 | D:5      | HP: 2/50 [ufetubus (4)]
  4149 | D:5      | Slain by an ufetubus

Illustrated notes

Levels and vault maps discovered:
D:1:      lightli_iron_boxes, layout_loops_ring
D:2:      layout_basic, guppyfry_early_lair_pool
D:3:      layout_loops_ring, lemuel_crystal_altar, kiku_gazebo_pond_becter,
          hellmonk_ecumenical_altar_crossroads, serial_bayou,
          serial_bayou_pond_a, serial_bayou_ford_a, serial_bayou_shore_b,
          serial_bayou_pond_e, serial_shops, shop,
          nicolae_concentric_dashed_squares_wild
D:4:      layout_loops_ring, minitemple
D:5:      layout_rooms, serial_shops, shop, shop, kennysheep_mini_moat

Skill      XL: |  1  2  3  4  5  6  7 |
---------------+----------------------+-----
Unarmed Combat | 4 5 6 7 |  7.4
Shapeshifting  | 5 6 |  6.7
Dodging        | 3 |  3.4
Fighting       | 2 |  2.0

Action                     |  1- 3 |  4- 6 |  7- 9 || total
---------------------------+-------+-------+-------++-------
  Melee: Unarmed           |   106 |   119 |    56 ||   281
         Punch             |     2 |     1 |       ||     3
  Throw: Boomerang         |     1 |     7 |     1 ||     9
    Use: Potion            |       |       |     2 ||     2
   Stab: Sleeping          |     1 |     1 |       ||     2
 Armour: Animal skin       |    38 |    56 |    48 ||   142
  Dodge: Dodged            |    60 |    78 |    48 ||   186
